 Dungeon Crawl Stone Soup version 0.28.0 (webtiles) character file.

Game seed: 16683831726446096337

454 styxcanada the Covert (level 6, -4/32 HPs)
             Began as a Spriggan Brigand on Feb 16, 2022.
             Slain by a bullfrog (6 damage)
             ... in a sewer.
             The game lasted 00:18:34 (6066 turns).

styxcanada the Covert (Spriggan Brigand)            Turns: 6066, Time: 00:18:34

Health: -4/32      AC:  3    Str:  7    XL:     6   Next: 76%
Magic:  10/10      EV: 19    Int: 13    God:
Gold:   142        SH:  0    Dex: 18    Spells: 9/9 levels left

rFire   . . .      SeeInvis +   l - +5 dagger
rCold   . . .      Faith    .   (no shield)
rNeg    . . .      Spirit   .   b - +0 robe
rPois   .          Reflect  .   (helmet restricted)
rElec   .          Harm     .   c - +0 cloak
rCorr   .          Rampage  .   (gloves unavailable)
Will    +....                   (boots unavailable)
Stlth   ++........              (no amulet)
HPRegen 0.10/turn               (no ring)
MPRegen 0.12/turn               (no ring)

@: slow
A: very small, no large weapons, unfitting armour, see invisible, speed 3
a: no special abilities


You were in a sewer.
You visited 1 branch of the dungeon, and saw 4 of its levels.
You also visited: Sewer.

You collected 142 gold pieces.

Inventory:

Hand Weapons
 a - a +2 dagger
 l - a +5 dagger (weapon)
Missiles
 d - 2 poisoned darts (quivered)
 f - 77 stones
Armour
 b - a +0 robe (worn)
 c - a +0 cloak (worn)
Jewellery
 h - an amulet of magic regeneration
 i - a ring of willpower
 j - a ring of fire
Scrolls
 e - a scroll of silence {unknown}
 g - 3 scrolls of fog {unknown}
 o - 3 scrolls of immolation
 p - a scroll of enchant weapon
 r - a scroll of teleportation {unknown}
Potions
 k - 4 potions of curing
 m - a potion of haste
 n - a potion of might {unknown}
 q - a potion of invisibility {unknown}


   Skills:
 * Level 2.5 Fighting
 + Level 3.5 Short Blades
 + Level 3.0 Throwing
 * Level 3.9 Dodging
 * Level 8.9 Stealth
 * Level 2.3 Spellcasting


You had 9 spell levels left.
You didn't know any spells.
Your spell library contained the following spells:

 Spells                   Type           Power      Damage    Failure   Level
 Freeze                   Ice            4%         1d3       26%         1
 Slow                     Hex            4%         N/A       26%         1
 Confusing Touch          Hex            1%         N/A       58%         3
 Frozen Ramparts          Ice            2%         1d2       58%         3
 Vampiric Draining        Necr           1%         2d6       58%         3
 Hailstorm                Conj/Ice       1%         3d3       94%         4


Dungeon Overview and Level Annotations

Branches:
Dungeon (4/15)              Sewer (1/1)
 Temple: D:4-7

Altars:
Hepliaklqana

Annotations:
D:4 2 transporters, Bricks's ghost, weakling GrFi


Innate Abilities, Weirdness & Mutations

You are very small and have problems with some larger weapons.
You are too small for most types of armour.
You have supernaturally acute eyesight. (SInv)
You cover ground extremely quickly. (Speed+++)


Message History

The bullfrog misses you.
You closely miss the adder. The bullfrog completely misses you.
The adder closely misses you. x2; The bullfrog misses you.
The adder hisses angrily.
You hit the adder.
The adder is moderately wounded.
The adder closely misses you. The ball python misses you. x2
The adder closely misses you. The bullfrog hits you.
The adder barely misses you.
The bullfrog gives a loud, deep croak!
You hit the adder.
The adder is severely wounded.
You hear an angry hiss.
The adder misses you.
The bullfrog swells and bulges.
The ball python bites you. The ball python closely misses you.
The bullfrog misses you. The adder barely misses you. x2
Okay, then.
You enter the shallow water.
Moving in this stuff is going to be slow.
The ball python misses you. The ball python completely misses you.
The adder bites you.
You are poisoned.
The adder poisons you! The adder closely misses you. The adder misses you.
You feel sick. The adder closely misses you. The adder misses you.
You feel sick. The adder completely misses you. The bullfrog hits you.
The adder closely misses you.
You feel sick. The adder bites you. The bullfrog closely misses you.
The adder completely misses you.
You feel sick. The bullfrog hits you.
* * * LOW HITPOINT WARNING * * *
The bullfrog closely misses you. The adder misses you.
The bullfrog closely misses you.
You feel sick.
You are no longer poisoned.
The adder barely misses you. The bullfrog hits you!
* * * LOW HITPOINT WARNING * * *
The adder barely misses you. The adder misses you. The adder misses you.
The bullfrog hits you.
You die...

##### ####...####
####.....÷...####
##...............##
#.†.......#.......#
##......##'##......##
#......##..###......#
#.≈≈≈≈###..# #.≈≈≈≈.#
#≈≈S@F≈##### #≈≈≈÷≈≈#
#≈≈S≈S≈# #≈≈≈≈≈≈#
#≈≈SFS≈# #≈≈≈≈≈≈#
#≈≈≈≈≈≈# #≈≈≈≈≈≈#
#≈≈≈≈≈≈# #≈≈≈≈≈≈#
#≈≈≈≈≈≈# #≈≈≈≈≈≈#
#≈≈#≈≈≈# #≈≈.)≈≈#
#≈.≈≈≈≈# ##≈≈≈≈≈#
#≈.≈≈≈≈# #≈≈≈≈≈≈#


You could see 2 bullfrogs, 4 adders and a ball python.

Vanquished Creatures
  Sigmund (D:3)
  A jelly (D:4)
  An orc priest (D:4)
  An iguana (D:4)
  A gnoll (D:1)
  5 river rats (Sewer)
  5 adders
  2 worms (D:2)
  2 dart slugs
  2 orcs (D:4)
  6 endoplasms
  3 giant cockroaches
  6 goblins
  3 hobgoblins
  11 jackals
  8 kobolds
  3 quokkas
  13 ball pythons
  6 bats
  4 frilled lizards
  29 rats
113 creatures vanquished.

Notes
Turn   | Place    | Note
-------+----------+-------------------------------------------
     0 | D:1      | styxcanada the Spriggan Brigand began the quest for the
                  | Orb.
     0 | D:1      | Reached XP level 1. HP: 10/10 MP: 2/2
    26 | D:1      | Reached skill level 6 in Stealth
   284 | D:1      | Reached XP level 2. HP: 8/14 MP: 3/3
   930 | D:1      | Reached XP level 3. HP: 13/18 MP: 4/4
  1328 | D:1      | Found a faded altar of an unknown god.
  1955 | D:2      | Reached skill level 7 in Stealth
  2241 | D:2      | Found a hazy altar of Hepliaklqana.
  2255 | D:2      | Reached XP level 4. HP: 23/23 MP: 5/5
  3076 | D:3      | Noticed Sigmund
  3385 | D:3      | Killed Sigmund
  3386 | D:3      | Reached skill level 8 in Stealth
  3386 | D:3      | Reached skill level 1 in Spellcasting
  3386 | D:3      | Reached XP level 5. HP: 16/26 MP: 6/8
  4213 | D:4      | Reached XP level 6. HP: 23/31 MP: 9/9
  4660 | D:4      | Found a transporter.
  4661 | D:4      | Noticed Bricks's ghost (weakling GrFi)
  4666 | D:4      | Found a transporter.
  4811 | D:4      | Found a glowing drain.
  4820 | Sewer    | Entered a sewer
  6065 | Sewer    | HP: 1/32 [bullfrog (7)]
  6066 | Sewer    | Slain by a bullfrog

Illustrated notes

Levels and vault maps discovered:
D:1:      minmay_arrival_arboretum_large, layout_loops_ring, serial_aquarium,
          aquarium_bridge_island_small [aquarium_subvault_small_open,
          aquarium_subvault_bridge, aquarium_subvault_bridge,
          aquarium_subvault_bridge, aquarium_subvault_wall],
          aquarium_bridge_straight [aquarium_subvault_bridge,
          aquarium_subvault_window, aquarium_subvault_bridge,
          aquarium_subvault_wall], aquarium_window_corridor_2,
          aquarium_window_1, aquarium_window_2, aquarium_view_4,
          aquarium_pool_2, shapermc_ecumenical_altar_mp_ritualfount
D:2:      layout_loops_ring, basic_altar
D:3:      layout_basic, nicolae_elevator_lobby_plus, uniq_sigmund
D:4:      layout_basic, cheibrodos_sewer_entry_sluice, gammafunk_ghost_smash,
          kennysheep_generic_room_7
Sewer:    sewer_minmay_w

Skill      XL: |  1  2  3  4  5  6 |
---------------+-------------------+-----
Stealth        | 6 7 8 |  8.9
Dodging        | 2 3 |  3.9
Fighting       | 2 |  2.5
Spellcasting   | 1 2 |  2.3
Short Blades   | 3 |  3.5
Throwing       | 3 |  3.0

Action                   |  1- 3 |  4- 6 || total
-------------------------+-------+-------++-------
Melee: Dagger            |   122 |   196 ||   318
       Punch             |     2 |     3 ||     5
Throw: Dart              |    18 |    43 ||    61
       Stone             |       |     4 ||     4
  Use: Scroll            |       |     8 ||     8
 Stab: Sleeping          |    10 |     8 ||    18
       Distracted        |       |     1 ||     1
Armor: Robe              |    17 |    21 ||    38
Dodge: Dodged            |    88 |   182 ||   270
